 Dungeon Crawl Stone Soup version 0.28-a0-863-g8cecda6153 (webtiles) character file.

Game seed: 18314403910804218753

391 BinkBink the Shooter (level 6, -5/41 HPs)
             Began as an Octopode Hunter on Nov 20, 2021.
             Slain by a killer bee (6 damage)
             ... on level 4 of the Dungeon.
             The game lasted 00:08:26 (3705 turns).

BinkBink the Shooter (Octopode Hunter)              Turns: 3705, Time: 00:08:28

Health: -5/41      AC:  1    Str: 11    XL:     6   Next: 80%
Magic:  8/8        EV: 13    Int: 16    God:
Gold:   172        SH:  0    Dex: 12    Spells: 6/8 levels left

rFire   . . .      SeeInvis .   a - +3 shortbow
rCold   . . .      Faith    .   (shield currently unavailable)
rNeg    . . .      Spirit   .   (helmet restricted)
rPois   .          Reflect  .   (no amulet)
rElec   .          Harm     .   (no ring)
rCorr   .          Rampage  .   (no ring)
Will    .....                   (no ring)
Stlth   +++.......              (no ring)
HPRegen 0.13/turn               (no ring)
MPRegen 0.11/turn               (no ring)
                                (no ring)
                                (no ring)

@: lethally poisoned (-5 -> -21)
A: almost no armour, amphibious, 8 rings, camouflage 1, gelatinous body 1,
(nimble swimmer 1), tentacles
a: no special abilities


You were on level 4 of the Dungeon.
You visited 1 branch of the dungeon, and saw 5 of its levels.

You collected 172 gold pieces.

Inventory:

Hand Weapons
 a - a +3 shortbow (weapon)
 e - a +1 short sword of venom
Missiles
 c - 42 arrows (quivered ammo)
Scrolls
 d - a scroll of teleportation
 g - a scroll of summoning
 h - a scroll of amnesia
 i - a scroll of silence
 k - a scroll of noise


   Skills:
 + Level 2.9 Fighting
 * Level 0.6 Short Blades
 + Level 6.3 Bows
 + Level 2.1 Dodging
 + Level 1.9 Stealth
 * Level 1.9 Spellcasting
 * Level 1.5 Hexes
 * Level 1.4 Ice Magic


You had 6 spell levels left.
You knew the following spells:

 Your Spells              Type           Power      Damage    Failure   Level
a - Ensorcelled Hibernat  Hex/Ice        12%        N/A       17%         2

Your spell library contained the following spells:

 Spells                   Type           Power      Damage    Failure   Level
 Magic Dart               Conj           4%         1d3       22%         1
 Passwall                 Tmut/Erth      0%         N/A       32%         2
 Searing Ray              Conj           2%         2d4       32%         2
 Dazzling Flash           Conj/Hex       6%         N/A       43%         3
 Spider Form              Tmut/Pois      1%         N/A       54%         3
 Swiftness                Air            1%         N/A       54%         3
 Fulminant Prism          Conj/Hex       1%         3d6       83%         4
 Iskenderun's Mystic Bla  Conj/Tloc      1%         2d3       91%         4
 Starburst                Conj/Fire      0%         6d3       100%        6


Dungeon Overview and Level Annotations

Branches:
Dungeon (5/15)
 Temple: D:4-7

Altars:
Dithmenos
Elyvilon
Gozag
Sif Muna
Wu Jian


Innate Abilities, Weirdness & Mutations

You cannot wear most types of armour.
You are amphibious.
You can wear up to eight rings at the same time.
Your skin changes colour to match your surroundings (Stealth+).
Your rubbery body absorbs attacks. (AC +1, EV +1)
((You are camouflaged near water. (Stealth+)))
You have tentacles for arms and can constrict up to eight enemies at once.


Message History

As you read the scroll of enchant weapon, it crumbles to dust.
Your +0 short sword glows red for a moment.
As you read the scroll of enchant weapon, it crumbles to dust.
Your +2 shortbow glows red for a moment.
Okay, then.
You drop a +1 short sword.
(D) Dungeon
Where to? (Enter - D:3 @ (x,y), ? - help)
Your endoplasm dissolves into shadows!
Your ball python dissolves into shadows!
There is a stone staircase leading down here.
You climb downwards.
The killer bee buzzes angrily. x4; The adder hisses angrily.
You hear a bark!
There is a stone staircase leading up here.
There are monsters nearby!
The killer bee closely misses you. The killer bee stings you.
The killer bee misses you. The killer bee stings you.
You are poisoned.
The killer bee poisons you! The killer bee completely misses you.
You climb upwards.
You feel very sick.
There is a stone staircase leading down here.
You shoot an arrow.
The arrow closely misses the killer bee.
You feel sick. The killer bee completely misses you. The killer bee stings you.
You are more poisoned.
The killer bee poisons you! The killer bee closely misses you.
The killer bee barely misses you.
You shoot an arrow.
The arrow closely misses the killer bee.
You feel sick. The killer bee barely misses you. The killer bee stings you!
You are too injured to fight recklessly!
You feel sick. The killer bee stings you.
* * * LOW HITPOINT WARNING * * *
You are lethally poisoned!
The killer bee poisons you! The killer bee stings you!
* * * LOW HITPOINT WARNING * * *
The killer bee stings you but does no damage.
The killer bee stings you.
You die...

#########.##.#####.##
####......##............
#..........^............
#.........#...........#.
#.........#.......#####.
#.........#...........#.
#.........#......#......
##....#.###.............
###....#@###......#......
#(.....y>y...............
##.##....#....########.#.
#.##....#.........#####.
#.####..................
#.####....##......#.....
#....#....##.#....#.####
#....#..............#
#.......#...........#


You could see 2 killer bees.

Vanquished Creatures
  An ogre (D:4)
  A phantom (D:4)
  A scorpion (D:4)
  A hound (D:4)
  An iguana (D:4)
  A gnoll (D:1)
  2 adders
  2 worms
  A dart slug (D:4)
  7 orcs
  5 ball pythons
  8 bats
  7 endoplasms
  2 giant cockroaches (D:3)
  3 goblins
  7 hobgoblins
  3 jackals (D:4)
  6 kobolds
  4 quokkas
  3 frilled lizards
  6 rats
  A spectral hobgoblin (D:3)
73 creatures vanquished.

Notes
Turn   | Place    | Note
-------+----------+-------------------------------------------
     0 | D:1      | BinkBink the Octopode Hunter began the quest for the Orb.
     0 | D:1      | Reached XP level 1. HP: 14/14 MP: 1/1
   128 | D:1      | Reached XP level 2. HP: 16/19 MP: 2/2
   524 | D:1      | Reached XP level 3. HP: 24/24 MP: 3/3
   697 | D:1      | Learned a level 2 spell: Ensorcelled Hibernation
   941 | D:2      | Reached skill level 5 in Bows
   946 | D:2      | You fall into a shaft and drop 1 floor!
   954 | D:3      | Found an ornate altar of the Wu Jian Council.
  1069 | D:3      | Found a white marble altar of Elyvilon.
  1099 | D:3      | Reached XP level 4. HP: 19/29 MP: 4/4
  1390 | D:3      | Found a faded altar of an unknown god.
  1913 | D:3      | Found a shimmering blue altar of Sif Muna.
  1917 | D:3      | Found a shadowy altar of Dithmenos.
  1922 | D:3      | Found an opulent altar of Gozag.
  2320 | D:4      | Reached XP level 5. HP: 35/35 MP: 4/6
  2413 | D:4      | Noticed a phantom
  2488 | D:4      | Noticed an ogre
  2493 | D:4      | Killed an ogre
  2494 | D:4      | Reached skill level 1 in Spellcasting
  2494 | D:4      | Reached skill level 1 in Hexes
  2494 | D:4      | Reached skill level 1 in Ice Magic
  2566 | D:4      | Reached skill level 6 in Bows
  2566 | D:4      | Reached XP level 6. HP: 15/41 MP: 6/8
  3700 | D:5      | Entered Level 5 of the Dungeon
  3705 | D:4      | HP: 1/41 [killer bee (9)]
  3705 | D:4      | Slain by a killer bee

Illustrated notes

Levels and vault maps discovered:
D:1:      dpeg_arrival_simpleton_c, layout_basic
D:2:      layout_basic, serial_shops, shop, basic_altar
D:3:      layout_basic, mainiacjoe_overflow_cross_hatched,
          amcnicky_altar_gilded, grunt_temple_overflow_diamond,
          dreamdust_ecumenical_altar_drowned_temple
D:4:      layout_basic, kennysheep_dice
D:5:      layout_rooms, minmay_temple_entry_fiery, serial_glass,
          glass_columns_a, glass_columns_a, guppyfry_shop_venom, uniq_menkaure

Skill      XL: |  1  2  3  4  5 |
---------------+----------------+-----
Bows           | 5 6 |  6.3
Spellcasting   | 1 |  1.9
Hexes          | 1 |  1.5
Ice Magic      | 1 |  1.4
Fighting       | |  2.9
Short Blades   | |  0.6
Dodging        | |  2.1
Stealth        | |  1.9

Action                   |  1- 3 |  4- 6 || total
-------------------------+-------+-------++-------
Melee: Short sword       |       |     9 ||     9
 Fire: Shortbow          |    63 |   161 ||   224
  Use: Scroll            |       |     8 ||     8
Armor: Skin              |     1 |     1 ||     2
Dodge: Dodged            |     9 |    30 ||    39

Table legend: (Time is in decaauts)
 A = Elapsed time spent in this place.
 B = Non-inter-level travel time spent in this place.
 C = Inter-level travel time spent in this place.
 D = Time resting spent in this place.
 E = Time spent auto-exploring this place.
 F = Levels seen in this place.
 G = Mean time per level.
                   A        B        C        D        E       F      G
               +--------+--------+--------+--------+--------+-----+--------+
         Total |   3711 |   3599 |    112 |      0 |   3024 |   5 |  742.2 |
       Dungeon |   3711 |   3599 |    112 |      0 |   3024 |   5 |  742.2 |
               +--------+--------+--------+--------+--------+-----+--------+

Top non-repeatable levels by time:
     D:3: 1397 daAuts
     D:4: 1363 daAuts
     D:1: 835 daAuts
     D:2: 114 daAuts
     D:5: 1 daAuts
